 Dungeon Crawl Stone Soup version 0.29.0-15-g675c0067aa (webtiles) character file.

Game seed: 17926937003527288663

1486 qw the Cleaver (level 8, -1/51 HPs)
             Began as a Gargoyle Fighter on Sept 12, 2022.
             Slain by a gnoll bouda
             ... wielding a +0 whip of distortion
              (2 damage)
             ... on level 6 of the Dungeon.
             The game lasted 00:02:11 (5179 turns).

qw the Cleaver (Gargoyle Fighter)                   Turns: 5179, Time: 00:02:12

Health: -1/51      AC: 17    Str: 21    XL:     8   Next: 80%
Magic:  8/8        EV:  7    Int: 13    God:
Gold:   278        SH:  4    Dex:  8    Spells: 7/7 levels left

rFire   . . .      SeeInvis .   Y - +0 war axe
rCold   . . .      Faith    .   c - +0 buckler
rNeg    + . .      Spirit   .   h - +0 chain mail
rPois   inf        Reflect  .   l - +0 helmet
rElec   +          Harm     .   (no cloak)
rCorr   .          Rampage  .   k - +0 pair of gloves
Will    .....                   (no boots)
Stlth   ..........              (no amulet)
HPRegen 0.17/turn               (no ring)
MPRegen 0.11/turn               (no ring)

@: weakened
A: sickness immunity, AC +5, negative energy resistance 1, electricity
resistance, torment resistance 1, petrification resistance, clever 1, screaming
1
a: no special abilities


You were on level 6 of the Dungeon.
You visited 1 branch of the dungeon, and saw 6 of its levels.

You collected 278 gold pieces.


Innate Abilities, Weirdness & Mutations

You are immune to sickness and miasma.
Your stone body is resilient. (AC +5)
You are immune to poison.
You resist negative energy. (rN+)
You are resistant to electric shocks. (rElec)
You are resistant to unholy torment.
You are immune to petrification.
Your mind is acute. (Int +4, Str/Dex -1)
You occasionally shout uncontrollably at your foes.


   Skills:
 - Level 6.0 Fighting
 + Level 8.1 Axes
 - Level 2.2 Throwing
 - Level 4.2 Armour
 - Level 1.0 Dodging
 - Level 3.2 Shields


You had 7 spell levels left.
You didn't know any spells.
Your spell library was empty.

Inventory:

Hand Weapons
 q - a +2 flail of protection
 Y - a +0 war axe (weapon)
Missiles
 e - 5 javelins (quivered)
Armour
 c - a +0 buckler (worn)
 h - a +0 chain mail (worn)
 k - a +0 pair of gloves (worn)
 l - a +0 helmet (worn)
Scrolls
 p - a scroll of identify
Potions
 a - a potion of attraction
 d - a potion of might
 f - 2 potions of curing
 g - a potion of haste
 j - 2 potions of mutation
 m - a potion of lignification
 n - a potion of cancellation

Dungeon Overview and Level Annotations

Branches:
Dungeon (6/15)
 Temple: D:4-7

Altars:
Dithmenos
Elyvilon
Fedhas
Qazlal
Wu Jian
Xom
Zin

Annotations:
D:2 1 runed translucent door, Crazy Yiuf
D:6 Eustachio


Message History

You hit the gnoll. You completely miss the sky beast.
The sky beast hits you but does no damage.
Eustachio mumbles some strange words.
Eustachio blinks!
The gnoll hits you with a +0 club.
The ice beast hits you but does no damage.
The shadow imp hits you but does no damage.
You barely miss the gnoll.
The gnoll is almost dead.
You closely miss the sky beast. You closely miss the shadow imp.
You hit the ice beast. You closely miss the gnoll. You hit the gnoll bouda.
Eustachio zaps a wand.
Some rock shatters into small pieces.
The sky beast hits you but does no damage.
The gnoll hits you but does no damage.
The ice beast hits you but does no damage.
You block the gnoll's attack. The shadow imp hits you. The sky beast hits you.
The sky beast shocks you. You resist.
The ice beast hits you but does no damage.
The gnoll bouda barely misses you. The gnoll barely misses you.
You hit the gnoll.
You kill the gnoll!
You hit the ice beast. You barely miss the gnoll. You closely miss the bat.
You barely miss the gnoll bouda. You hit the gnoll.
You hit the sky beast but do no damage. You closely miss the shadow imp.
You block the bat's attack. The bat hits you but does no damage.
The gnoll hits you but does no damage. x2; The shadow imp barely misses you.
The ice beast hits you. The ice beast freezes you.
The sky beast hits you but does no damage.
The gnoll bouda barely misses you. The gnoll hits you but does no damage.
You hit the ice beast.
You kill the ice beast!
You hit the gnoll.
You hit the gnoll bouda but do no damage.
You slash the gnoll! You barely miss the sky beast.
You barely miss the river rat. You barely miss the shadow imp.
The bat closely misses you. The gnoll closely misses you.
You block the shadow imp's attack. The river rat barely misses you.
The sky beast hits you. The sky beast shocks you. You resist.
The gnoll bouda hits you but does no damage.
Space warps around you.
You die...

######### #.(.....#
#.......##
.........#########
.(........ ......##
#.....b..# ##.....##
#.....Y..###.......#
#....br@g..........#
#.###.5gg###.......#
##.@.####.....##
#...........##
....######.## .....#
#.## .....# #..#
......# ##.# #.#


You could see Eustachio, a sky beast, a gnoll bouda, 2 gnolls, a river rat
(summoned), a shadow imp (summoned) and 2 bats.

Vanquished Creatures
  Grinder (D:3)
  Sigmund (D:2)
  A water moccasin (D:5)
  Duvessa (D:5)
  An ice beast (D:6)
  An ogre (D:5)
  A centaur (D:6)
  A necrophage (D:4)
  2 scorpions
  Dowan (D:5)
  2 hounds
  2 jellies (D:5)
  A gnoll bouda (D:4)
  2 orc priests
  3 iguanas
  6 gnolls
  5 adders
  A white imp (D:5)
  An ufetubus (D:5)
  2 worms
  3 dart slugs
  13 orcs
  12 endoplasms
  5 giant cockroaches
  7 goblins
  6 hobgoblins
  8 jackals
  4 quokkas
  9 ball pythons
  8 bats
  6 frilled lizards
  5 kobolds
  3 rats
125 creatures vanquished.

Vanquished Creatures (others)
  A fungus (D:2)
1 creature vanquished.

Grand Total: 126 creatures vanquished

Notes
Turn   | Place    | Note
-------+----------+-------------------------------------------
     0 | D:1      | qw the Gargoyle Fighter began the quest for the Orb.
     0 | D:1      | Reached XP level 1. HP: 14/14 MP: 1/1
     0 | D:1      | 0 ||| qw: Version: 0.1-a-119-g272c26d
     0 | D:1      | 0 ||| qw: Game counter: 10794
     0 | D:1      | 0 ||| qw: Always use a shield: true
     0 | D:1      | 0 ||| qw: God list: Okawaru
     0 | D:1      | 0 ||| qw: Allow faded altars: false
     0 | D:1      | 0 ||| qw: Do Orc after D:15 true
     0 | D:1      | 0 ||| qw: Do second Lair branch before Depths: true
     0 | D:1      | 0 ||| qw: Lair rune preference: random
     0 | D:1      | 0 ||| qw: Plans: Normal, Zot, God:TSO, Crypt, Tomb, Pan,
                  | Slime, Hells, Zig, Abyss, Orb
     0 | D:1      | 0 ||| PLANNING D:1-11
    97 | D:1      | Reached skill level 2 in Axes
   199 | D:1      | 199 ||| Stepping ~*~*~tactically~*~*~ (stealth).
   209 | D:1      | Reached XP level 2. HP: 15/19 MP: 2/2
   527 | D:1      | 527 ||| Stepping ~*~*~tactically~*~*~ (stealth).
   542 | D:1      | 542 ||| Stepping ~*~*~tactically~*~*~ (stealth).
   545 | D:1      | 545 ||| Stepping ~*~*~tactically~*~*~ (stealth).
   551 | D:1      | Reached skill level 3 in Axes
   564 | D:1      | Reached XP level 3. HP: 18/23 MP: 3/3
   637 | D:1      | Found a faded altar of an unknown god.
   866 | D:1      | 866 ||| UPGRADING to +0 pair of gloves.
   871 | D:1      | 871 ||| READING scroll labelled GEQEOPROIGH.
   872 | D:1      | 872 ||| DRINKING 2 fizzy clear potions.
   873 | D:1      | 873 ||| DRINKING 2 viscous pink potions.
  1014 | D:2      | 1014 ||| Stepping ~*~*~tactically~*~*~ (stealth).
  1079 | D:2      | Reached XP level 4. HP: 28/28 MP: 4/4
  1120 | D:2      | Noticed Sigmund
  1147 | D:2      | Killed Sigmund
  1148 | D:2      | Reached skill level 5 in Axes
  1148 | D:2      | Reached XP level 5. HP: 20/32 MP: 5/5
  1372 | D:2      | Reached XP level 6. HP: 37/37 MP: 6/6
  1413 | D:2      | Found a runed translucent door.
  1414 | D:2      | Noticed Crazy Yiuf
  1480 | D:2      | 1480 ||| FLEEEEING.
  1481 | D:2      | 1481 ||| FLEEEEING.
  1482 | D:2      | 1482 ||| FLEEEEING.
  1483 | D:2      | 1483 ||| FLEEEEING.
  1484 | D:2      | 1484 ||| FLEEEEING.
  1524 | D:2      | 1524 ||| Stepping ~*~*~tactically~*~*~ (stealth).
  1648 | D:2      | 1648 ||| DROPPING amulet of magic regeneration.
  1649 | D:2      | 1649 ||| READING 3 scrolls labelled HUNUCKATESCH.
  1650 | D:2      | 1650 ||| DRINKING 2 blue potions.
  1651 | D:2      | 1651 ||| DRINKING 2 glowing clear potions.
  1651 | D:2      | Gained mutation: You are agile. (Dex +4, Str/Int -1)
                  | [potion of mutation]
  1651 | D:2      | Gained mutation: You occasionally shout uncontrollably at
                  | your foes. [potion of mutation]
  1651 | D:2      | Lost mutation: You are agile. (Dex +4, Str/Int -1) [potion
                  | of mutation]
  1651 | D:2      | Gained mutation: Your mind is acute. (Int +4, Str/Dex -1)
                  | [potion of mutation]
  1652 | D:2      | 1652 ||| DROPPING 2 scrolls of summoning.
  1677 | D:3      | Found a white marble altar of Elyvilon.
  1678 | D:3      | Found a blossoming altar of Fedhas.
  1679 | D:3      | Found an ornate altar of the Wu Jian Council.
  1726 | D:3      | 1726 ||| DROPPING +0 mace.
  1796 | D:3      | 1796 ||| Stepping ~*~*~tactically~*~*~ (stealth).
  1805 | D:3      | 1805 ||| Stepping ~*~*~tactically~*~*~ (stealth).
  1831 | D:3      | Found a shimmering altar of Xom.
  1882 | D:3      | 1882 ||| Stepping ~*~*~tactically~*~*~ (stealth).
  1889 | D:3      | Noticed Grinder
  1890 | D:3      | 1890 ||| Stepping ~*~*~tactically~*~*~ (hiding).
  1891 | D:3      | 1891 ||| Stepping ~*~*~tactically~*~*~ (hiding).
  1895 | D:3      | Found a shadowy altar of Dithmenos.
  1904 | D:3      | Paralysed by Grinder for 4 turns
  1913 | D:3      | Paralysed by Grinder for 4 turns
  1916 | D:3      | HP: 6/38 [Grinder/nerve-wracking pain (6)]
  1917 | D:3      | 1917 ||| DRINKING 2 potions of heal wounds.
  1924 | D:3      | Killed Grinder
  1925 | D:3      | Reached XP level 7. HP: 25/44 MP: 7/7
  2123 | D:3      | 2123 ||| Stepping ~*~*~tactically~*~*~ (hiding).
  2209 | D:3      | 2209 ||| DROPPING +0 flail.
  2411 | D:3      | 2411 ||| UPGRADING to +0 helmet.
  2416 | D:3      | 2416 ||| READING scroll labelled TEUSUR JESTREWN.
  2419 | D:3      | 2419 ||| READING scroll labelled UCOODO EGOB.
  2420 | D:3      | 2420 ||| DRINKING 2 puce potions.
  2423 | D:3      | 2423 ||| READING 4 scrolls of identify.
  2423 | D:3      | 2423 ||| IDENTIFYING yellow potion
  2424 | D:3      | 2424 ||| READING 3 scrolls of identify.
  2424 | D:3      | 2424 ||| IDENTIFYING fuming orange potion
  2425 | D:3      | 2425 ||| READING 2 scrolls of identify.
  2425 | D:3      | 2425 ||| IDENTIFYING viscous silvery potion
  2426 | D:3      | 2426 ||| DROPPING potion of flight.
  2427 | D:3      | 2427 ||| DROPPING potion of degeneration.
  2454 | D:4      | 2454 ||| STAIRDANCE
  2671 | D:4      | Reached skill level 6 in Axes
  2849 | D:4      | Reached skill level 1 in Dodging
  2860 | D:4      | HP: 11/44 [gnoll bouda/+0 whip (6)]
  2861 | D:4      | 2861 ||| DRINKING potion of heal wounds.
  3086 | D:4      | 3086 ||| Stepping ~*~*~tactically~*~*~ (hiding).
  3263 | D:4      | Found a glowing silver altar of Zin.
  3307 | D:5      | Entered Level 5 of the Dungeon
  3391 | D:5      | Reached skill level 1 in Throwing
  3489 | D:5      | 3489 ||| DROPPING +2 antimagic flail.
  3762 | D:5      | Reached skill level 7 in Axes
  3762 | D:5      | Reached XP level 8. HP: 38/50 MP: 8/8
  3927 | D:5      | 3927 ||| Stepping ~*~*~tactically~*~*~ (stealth).
  4248 | D:5      | 4248 ||| READING 4 scrolls of identify.
  4248 | D:5      | 4248 ||| IDENTIFYING coppery potion
  4249 | D:5      | 4249 ||| READING 3 scrolls of identify.
  4249 | D:5      | 4249 ||| IDENTIFYING smoky orange potion
  4250 | D:5      | 4250 ||| READING 2 scrolls of identify.
  4250 | D:5      | 4250 ||| IDENTIFYING inky potion
  4251 | D:5      | 4251 ||| DROPPING potion of ambrosia.
  4252 | D:5      | 4252 ||| DROPPING potion of invisibility.
  4260 | D:6      | 4260 ||| STAIRDANCE
  4333 | D:6      | 4333 ||| STAIRDANCE
  4413 | D:6      | 4413 ||| FLEEEEING.
  4414 | D:6      | 4414 ||| FLEEEEING.
  4415 | D:6      | 4415 ||| FLEEEEING.
  4416 | D:6      | 4416 ||| FLEEEEING.
  4417 | D:6      | 4417 ||| FLEEEEING.
  4418 | D:6      | 4418 ||| STAIRDANCE
  4461 | D:6      | 4461 ||| STAIRDANCE
  4461 | D:6      | Noticed Dowan
  4474 | D:6      | Noticed Duvessa
  4475 | D:6      | 4475 ||| STAIRDANCE
  4480 | D:6      | 4480 ||| STAIRDANCE
  4548 | D:5      | 4548 ||| UPGRADING to +0 chain mail.
  4558 | D:5      | 4558 ||| DROPPING +0 scale mail.
  4562 | D:6      | 4562 ||| STAIRDANCE
  4641 | D:6      | 4641 ||| STAIRDANCE
  4646 | D:6      | 4646 ||| STAIRDANCE
  4670 | D:6      | 4670 ||| STAIRDANCE
  4680 | D:5      | Killed Duvessa
  4683 | D:5      | Killed Dowan
  4910 | D:6      | Found a stormy altar of Qazlal.
  4983 | D:6      | 4983 ||| Stepping ~*~*~tactically~*~*~ (hiding).
  5000 | D:6      | Reached skill level 8 in Axes
  5003 | D:6      | Reached skill level 6 in Fighting
  5161 | D:6      | Noticed Eustachio
  5162 | D:6      | 5162 ||| Stepping ~*~*~tactically~*~*~ (stealth).
  5165 | D:6      | 5165 ||| Stepping ~*~*~tactically~*~*~ (stealth).
  5178 | D:6      | HP: 9/51 [ice beast (4)]
  5178 | D:6      | HP: 4/51 [ice beast (5)]
  5179 | D:6      | HP: 1/51 [sky beast (2)]
  5179 | D:6      | Slain by a gnoll bouda

Levels and vault maps discovered:
D:1:      lightli_arrival_chessboard, layout_basic,
          shapermc_ecumenical_altar_venn, minmay_misc_feat_five
D:2:      layout_rooms, uniq_crazy_yiuf_cottage, uniq_sigmund
D:3:      layout_basic, mainiacjoe_overflow_catch_the_wave,
          chequers_temple_overflow_statue_of_worship, uniq_grinder
D:4:      layout_rooms, zin_scriptorium
D:5:      layout_basic, nicolae_elevator_lobby_asterisk
D:6:      layout_loops_cross, nicolae_qazlal_scattered_showers,
          lemuel_coloured_pillars_altar, led_sif_book, uniq_eustachio,
          uniq_duvessa, uniq_prince_ribbit1

Skill      XL: |  1  2  3  4  5  6  7  8 |
---------------+-------------------------+-----
Axes           | 2 3 5 7 8 |  8.1
Fighting       | 5 6 |  6.0
Dodging        | 1 |  1.0
Throwing       | 1 2 |  2.2
Armour         | 4 |  4.2
Shields        | |  3.2

Action                   |  1- 3 |  4- 6 |  7- 9 || total
-------------------------+-------+-------+-------++-------
Melee: War axe           |   122 |    92 |   239 ||   453
Throw: Javelin           |       |       |    26 ||    26
  Use: Potion            |     2 |     3 |     2 ||     7
       Scroll            |     1 |     1 |     8 ||    10
Armor: Scale mail        |    75 |    48 |   116 ||   239
       Chain mail        |       |       |    64 ||    64
Dodge: Dodged            |    62 |    45 |   114 ||   221
Block: Buckler           |    26 |    11 |    46 ||    83

Table legend:
 A = Non-vault XP
 B = Vault XP
 C = Vault XP percentage of total XP
 D = Non-vault monster count
 E = Vault monster count
 F = Vault count percentage of total count
                 A         B        C        D         E       F
            +---------+---------+-------+---------+---------+-------
      Total |    1545 |     711 |  31.5 |     121 |       4 |   3.2
            +---------+---------+-------+---------+---------+-------
        D:1 |      45 |       0 |   0.0 |      26 |       0 |   0.0
        D:2 |      71 |     214 |  75.1 |      28 |       1 |   3.4
        D:3 |      76 |     281 |  78.7 |      15 |       1 |   6.2
        D:4 |     261 |       0 |   0.0 |      21 |       0 |   0.0
        D:5 |     594 |     216 |  26.7 |      20 |       2 |   9.1
        D:6 |     498 |       0 |   0.0 |      11 |       0 |   0.0
            +---------+---------+-------+---------+---------+-------
